 Dungeon Crawl Stone Soup version 0.30-a0-779-g7971cf19c3 (webtiles) character file.

Game seed: 8494265769361775499

51 Ghostmaker01 the Cudgeller (level 4, 0/31 HPs)
             Began as a Meteoran Cinder Acolyte on Feb 17, 2023.
             Was a High Priest of Ignis.
             Slain by an adder (2 damage)
             ... on level 2 of the Dungeon.
             The game lasted 00:03:39 (957 turns).

Ghostmaker01 the Cudgeller (Meteoran Cinder Acolyte) Turns: 957, Time: 00:03:40

Health: 0/31       AC:  4    Str: 17    XL:     4   Next: 27%
Magic:  2/7        EV: 11    Int: 17    God:    Ignis [*****.]
Gold:   21         SH:  0    Dex: 10    Spells: 4/6 levels left

rFire   + . .      SeeInvis .    a - -1 mace (flame)
rCold   . . .      Faith    .    (no shield)
rNeg    + . .      Spirit   .    b - +0 robe
rPois   .          Reflect  .    h - +1 helmet of Lifelessness {rN+ Int+2 Slay-5}
rElec   .          Harm     .    (no cloak)
rCorr   .          Rampage  .    (no gloves)
Will    .....                    (no boots)
Stlth   +                        (no amulet)
HPRegen 0.25/turn                (no ring)
MPRegen 0.10/turn                (no ring)

@: glowing
A: sense surroundings 1, otherworldly, glowing, explore regen
a: Renounce Religion, Fiery Armour, Foxfire Swarm, Rising Flame


You were on level 2 of the Dungeon.
You worshipped Ignis.
Ignis was extremely pleased with you.
You visited 1 branch of the dungeon, and saw 2 of its levels.

You collected 21 gold pieces.

Inventory:

Hand Weapons
 a - a -1 mace of flaming (weapon)
Armour
 b - a +0 robe (worn)
 f - a +0 helmet
 h - the +1 helmet of Lifelessness (worn) {rN+ Int+2 Slay-5}
   (You found it on level 2 of the Dungeon)

   Int:       It affects your intelligence (+2).
   Slay:      It affects your accuracy & damage with ranged weapons and melee
   (-5).
   rN:        It protects you from negative energy.
 k - the +2 tower shield of Fogoemua {-Cast rElec rN+ Str+5}
   (You found it on level 2 of the Dungeon)

   Str:       It affects your strength (+5).
   rElec:     It insulates you from electricity.
   rN:        It protects you from negative energy.
   -Cast:     It prevents spellcasting.
Magical Staves
 g - a staff of fire
Jewellery
 j - a ring of protection from cold
Scrolls
 c - a scroll of identify {unknown}
 d - a scroll of poison {unknown}
 e - a scroll of silence {unknown}
 m - a scroll of immolation {unknown}
Potions
 i - a potion of mutation {unknown}
 l - 3 potions of cancellation {unknown}
 n - a potion of flight {unknown}
 o - a potion of curing {unknown}


   Skills:
 + Level 4.1 Fighting
 + Level 4.6 Maces & Flails
 + Level 1.1 Dodging
 + Level 0.1 Stealth
 + Level 1.6 Spellcasting
 + Level 3.9 Fire Magic


You had 4 spell levels left.
You knew the following spells:

 Your Spells              Type           Power      Damage    Failure   Level
a - Scorch                Fire           28%        2d6       6%          2

Your spell library contained the following spells:

 Spells                   Type           Power      Damage    Failure   Level


Dungeon Overview and Level Annotations

Branches:
Dungeon (2/15) Zot: 425

Altars:


Innate Abilities, Weirdness & Mutations

You passively map a small area around you.
You are easily found by Zot.
You glow in the dark.
You regain HP and MP as you explore.


Message History

You kill the frilled lizard!
The hobgoblin misses you.
You barely miss the hobgoblin. The hobgoblin hits you.
* * * LOW HITPOINT WARNING * * *
An adder comes into view.
You hit the hobgoblin. You burn the hobgoblin.
The hobgoblin is severely wounded.
The hobgoblin hits you.
* * * LOW HITPOINT WARNING * * *
You see here a frilled lizard corpse.
The hobgoblin attacks as you move away! The hobgoblin barely misses you.
The hobgoblin attacks as you move away! The hobgoblin hits you.
* * * LOW HITPOINT WARNING * * *
The hobgoblin attacks as you move away!
The hobgoblin hits you but does no damage.
You hit the hobgoblin but do no damage.
The hobgoblin is moderately wounded.
The hobgoblin closely misses you.
The hobgoblin hits you but does no damage.
You hit the hobgoblin. You burn the hobgoblin.
The hobgoblin is severely wounded.
The hobgoblin hits you but does no damage.
You hit the hobgoblin but do no damage.
The hobgoblin is severely wounded.
The hobgoblin hits you but does no damage.
You hit the hobgoblin but do no damage.
The hobgoblin is severely wounded.
The hobgoblin hits you but does no damage.
You hit the hobgoblin. You burn the hobgoblin.
You kill the hobgoblin!
The adder closely misses you.
You miss the adder. The adder bites you but does no damage.
You barely miss the adder. The adder bites you.
* * * LOW HITPOINT WARNING * * *
The adder barely misses you.
You closely miss the adder. The adder completely misses you.
You miss the adder. The adder closely misses you. The adder bites you.
* * * LOW HITPOINT WARNING * * *
You hit the adder but do no damage. The adder bites you.
You die...

#...##.#<#.# #............
#..†#>.#.#.# #............
#...#..#.#.# #............
#...'..#.#.####### #............
#...#..#.........# #............
#...#..####.####.# #.†).........
#...#............# #.....)......
#...#...##..#########.#.########
##.#####........@S.....†)†......
...# ######)..########.#######
.### #...'............# .#
#.###...########## .# #.#
#...#### .#
#####'###.......########## .#
#......##...###..........# .#
#......##...# #..........#### .#
#..)...##...# #.............#


You could see an adder.

Vanquished Creatures
  An adder (D:2)
  A worm (D:2)
  A dart slug (D:1)
  6 bats
  6 endoplasms
  A giant cockroach (D:2)
  3 goblins
  2 hobgoblins
  A quokka (D:2)
  4 ball pythons
  2 frilled lizards
  5 kobolds
  4 rats
37 creatures vanquished.

Notes
Turn   | Place    | Note
-------+----------+-------------------------------------------
     0 | D:1      | Ghostmaker01 the Meteoran Cinder Acolyte began the quest
                  | for the Orb.
     0 | D:1      | Reached XP level 1. HP: 19/19 MP: 3/3
    63 | D:1      | Reached XP level 2. HP: 25/26 MP: 5/5
   462 | D:1      | Reached XP level 3. HP: 21/33 MP: 6/6
   488 | D:1      | Glimpsed the power of Zot.
   538 | D:1      | Glimpsed the power of Zot.
   578 | D:1      | Glimpsed the power of Zot.
   588 | D:1      | Touched by the power of Zot.
   717 | D:2      | Identified the +1 helmet of Lifelessness {rN+ Int+2 Slay-5}
   733 | D:2      | Learned a level 2 spell: Scorch
   780 | D:2      | Identified the +2 tower shield of Fogoemua {-Cast rElec rN+
                  | Str+5}
   854 | D:2      | Reached XP level 4. HP: 31/31 MP: 2/7
   902 | D:2      | Reached skill level 1 in Dodging
   957 | D:2      | Slain by an adder

Illustrated notes

Levels and vault maps discovered:
D:1:      onia_arrival_mini_spirals, layout_basic
D:2:      layout_basic

Skill      XL: |  1  2  3  4 |
---------------+-------------+-----
Fighting       | 4 |  4.1
Dodging        | 1 |  1.1
Maces & Flails | |  4.6
Stealth        | |  0.1
Spellcasting   | |  1.6
Fire Magic     | |  3.9

Action                     |  1- 3 |  4- 6 || total
---------------------------+-------+-------++-------
  Melee: Mace              |    74 |    23 ||    97
         Punch             |     1 |       ||     1
         Staff             |     2 |     6 ||     8
   Cast: Scorch            |    10 |     6 ||    16
 Armour: Robe              |    39 |    29 ||    68
  Dodge: Dodged            |    42 |    34 ||    76

Table legend: (Time is in decaauts)
 A = Elapsed time spent in this place.
 B = Non-inter-level travel time spent in this place.
 C = Inter-level travel time spent in this place.
 D = Time resting spent in this place.
 E = Time spent auto-exploring this place.
 F = Levels seen in this place.
 G = Mean time per level.
                   A        B        C        D        E       F      G
               +--------+--------+--------+--------+--------+-----+--------+
         Total |    974 |    964 |     10 |      0 |    576 |   2 |  487.0 |
       Dungeon |    974 |    964 |     10 |      0 |    576 |   2 |  487.0 |
               +--------+--------+--------+--------+--------+-----+--------+

Top non-repeatable levels by time:
     D:1: 612 daAuts
     D:2: 361 daAuts
